PCL
SANTA MONICA BRUINS @ REDWOOD CITY REDWOODS
09/17/2026
 
TOP OF THE 1ST
Santa Monica Bruins batting - Pitching for Redwood City Redwoods : RHP Jeff Davis
Pitching: RHP Jeff Davis
Batting: LHB Noriaki Sangi 0-0: Ball
1-0: Called Strike
1-1: Ball
2-1: SINGLE (Line Drive, 4M)
Batting: RHB Phil White 0-0: Called Strike
0-1: Foul Ball, location: 2F
0-2: Foul Ball, location: 2F
0-2: Ball
1-2: Ball
2-2: Foul Ball, location: 2F
2-2: Strikes out swinging
Batting: LHB Ray Bryant 0-0: Ball
1-0: Foul Ball, location: 2F
1-1: Ball
2-1: Ball
3-1: Base on Balls
Noriaki Sangi to second
Batting: LHB Jeffrey Bascombe 0-0: Called Strike
0-1: Ball
Wild Pitch!
Noriaki Sangi to third
Ray Bryant to second
1-1: Fly out, F3 (Popup, 3L)
Batting: LHB Harry Pitts 0-0: Foul Ball, location: 2F
0-1: Ball
1-1: Ground out 1-3 (Groundball, 13S)
Top of the 1st over - 0 run(s), 1 hit(s), 0 error(s), 2 left on base; Santa Monica 0 - Redwood City 0
BOTTOM OF THE 1ST
Redwood City Redwoods batting - Pitching for Santa Monica Bruins : LHP Takao Uchida
Pitching: LHP Takao Uchida
Batting: LHB Paul Alexander 0-0: Called Strike
0-1: Ball
1-1: Ball
2-1: Called Strike
2-2: Ball
3-2: SINGLE (Groundball, 56)
Batting: RHB Philip Burke 0-0: Called Strike
0-1: Ball
1-1: Ball
2-1: Ball
3-1: Base on Balls
Paul Alexander to second
Batting: RHB Xavier Feliciano 0-0: Called Strike
0-1: Ball
1-1: Swinging Strike
1-2: Ball
2-2: Strikes out swinging
Batting: LHB Germán Charfauros 0-0: Ball
1-0: Ground out 3-1 (Groundball, 34S)
Paul Alexander to third
Philip Burke to second
Batting: RHB Júlio Trinidad 0-0: Ball
1-0: Called Strike
1-1: Ground out U3 (Groundball, 3)
Bottom of the 1st over - 0 run(s), 1 hit(s), 0 error(s), 2 left on base; Santa Monica 0 - Redwood City 0
TOP OF THE 2ND
Santa Monica Bruins batting - Pitching for Redwood City Redwoods : RHP Jeff Davis
Batting: RHB Luis Martínez 0-0: Ball
1-0: Ball
2-0: Foul Ball, location: 2F
2-1: Called Strike
2-2: SINGLE (Groundball, 6M)
Batting: RHB Mark Hosley 0-0: Ground out 2-3 (Groundball, 23)
Luis Martínez to second
Batting: LHB Jeffrey Satterley 0-0: Ball
1-0: Ball
Balk!
Luis Martínez to third
2-0: Called Strike
2-1: Swinging Strike
2-2: Ball
3-2: Foul Ball, location: 2F
3-2: Fly out, F8 (Flyball, 8RM)
Batting: RHB Iván De Jesús 0-0: Foul Ball, location: 2F
0-1: Swinging Strike
0-2: Foul Ball, location: 2F
0-2: Fly out, F8 (Flyball, 8LD)
Top of the 2nd over - 0 run(s), 1 hit(s), 0 error(s), 1 left on base; Santa Monica 0 - Redwood City 0
BOTTOM OF THE 2ND
Redwood City Redwoods batting - Pitching for Santa Monica Bruins : LHP Takao Uchida
Batting: LHB Pedro Rodríguez 0-0: Foul Ball, location: 2F
0-1: Fly out, F5 (Popup, 15S)
Batting: RHB William Parker 0-0: Reached on error, E6 (Groundball, 6S)
Batting: RHB Carlos Gonzáles 0-0: Swinging Strike
0-1: Called Strike
0-2: Foul Ball, location: 2F
0-2: Strikes out swinging
Batting: RHB Jesús Cuevas 0-0: Called Strike
0-1: Ball
1-1: Ball
2-1: Swinging Strike
2-2: Ball
3-2: Strikes out looking
Bottom of the 2nd over - 0 run(s), 0 hit(s), 1 error(s), 1 left on base; Santa Monica 0 - Redwood City 0
TOP OF THE 3RD
Santa Monica Bruins batting - Pitching for Redwood City Redwoods : RHP Jeff Davis
Batting: LHB Noriaki Sangi 0-0: Swinging Strike
0-1: Ball
1-1: Swinging Strike
1-2: SINGLE (Line Drive, 5D)
Batting: RHB Phil White 0-0: Foul Ball, location: 2F
0-1: SINGLE (Groundball, 56D)
Noriaki Sangi to second
Batting: LHB Ray Bryant 0-0: Ball
1-0: DOUBLE (Flyball, 9LD)
Noriaki Sangi scores
Phil White to third
Batting: LHB Jeffrey Bascombe 0-0: Ground out 1-3 (Groundball, 13)
Batting: LHB Harry Pitts 0-0: Foul Ball, location: 2F
0-1: Swinging Strike
0-2: Ball
1-2: Ball
2-2: Ball
3-2: Foul Ball, location: 2F
3-2: Foul Ball, location: 2F
3-2: Base on Balls
Batting: RHB Luis Martínez 0-0: Called Strike
0-1: Grounds into double play, 5-4-3 (Groundball, 5)
Top of the 3rd over - 1 run(s), 3 hit(s), 0 error(s), 2 left on base; Santa Monica 1 - Redwood City 0
BOTTOM OF THE 3RD
Redwood City Redwoods batting - Pitching for Santa Monica Bruins : LHP Takao Uchida
Batting: LHB Paul Alexander 0-0: Ball
1-0: Ball
2-0: Fly out, F5 (Popup, 5SF)
Batting: RHB Philip Burke 0-0: Foul Ball, location: 2F
0-1: Ground out 6-3 (Groundball, 6)
Batting: RHB Xavier Feliciano 0-0: Fly out, F7 (Line Drive, 7M)
Bottom of the 3rd over - 0 run(s), 0 hit(s), 0 error(s), 0 left on base; Santa Monica 1 - Redwood City 0
TOP OF THE 4TH
Santa Monica Bruins batting - Pitching for Redwood City Redwoods : RHP Jeff Davis
Batting: RHB Mark Hosley 0-0: Foul Ball, location: 2F
0-1: Foul Ball, location: 2F
0-2: Ball
1-2: Fly out, F8 (Flyball, 8LM)
Batting: LHB Jeffrey Satterley 0-0: Called Strike
0-1: Ball
1-1: SOLO HOME RUN (Flyball, 89XD), Distance : 398 ft
Batting: RHB Iván De Jesús 0-0: Ball
1-0: Called Strike
1-1: Ball
2-1: Swinging Strike
2-2: Ball
3-2: Foul Ball, location: 2F
3-2: Ground out 4-3 (Groundball, 4)
Batting: LHB Noriaki Sangi 0-0: Called Strike
0-1: Foul Ball, location: 2F
0-2: Ball
1-2: Ball
2-2: Strikes out swinging
Top of the 4th over - 1 run(s), 1 hit(s), 0 error(s), 0 left on base; Santa Monica 2 - Redwood City 0
BOTTOM OF THE 4TH
Redwood City Redwoods batting - Pitching for Santa Monica Bruins : LHP Takao Uchida
Batting: LHB Germán Charfauros 0-0: Ball
1-0: Ball
2-0: Ball
3-0: Called Strike
3-1: Foul Ball, location: 2F
3-2: Reached on error, E4 (Groundball, 4)
Batting: RHB Júlio Trinidad 0-0: Foul Ball, location: 2F
0-1: Called Strike
0-2: Foul Ball, location: 2F
0-2: Strikes out swinging
Batting: LHB Pedro Rodríguez 0-0: Ball
1-0: Called Strike
1-1: Called Strike
1-2: Ball
2-2: Ball
3-2: DOUBLE (Flyball, 89M)
Germán Charfauros scores
Batting: RHB William Parker 0-0: Foul Ball, location: 2F
0-1: Swinging Strike
0-2: Strikes out swinging
Batting: RHB Carlos Gonzáles 0-0: Swinging Strike
0-1: Called Strike
0-2: SINGLE (Groundball, 6MD)
Pedro Rodríguez to third
Runner from 3rd tries for Home, SAFE, no throw or cutoff
Batting: RHB Jesús Cuevas 0-0: Ball
1-0: Ball
2-0: Swinging Strike
2-1: Ball
3-1: Foul Ball, location: 2F
3-2: Ground out 6-3 (Groundball, 6)
Bottom of the 4th over - 2 run(s), 2 hit(s), 1 error(s), 1 left on base; Santa Monica 2 - Redwood City 2
TOP OF THE 5TH
Santa Monica Bruins batting - Pitching for Redwood City Redwoods : RHP Jeff Davis
Batting: RHB Phil White 0-0: Ball
1-0: Swinging Strike
1-1: Foul Ball, location: 2F
1-2: Ball
2-2: Strikes out swinging
Batting: LHB Ray Bryant 0-0: Foul Ball, location: 2F
0-1: Called Strike
0-2: Foul Ball, location: 2F
0-2: Ball
1-2: Foul Ball, location: 2F
1-2: SINGLE (Line Drive, 9S)
Batting: LHB Jeffrey Bascombe 0-0: SINGLE (Groundball, 56D)
Ray Bryant to second
Batting: LHB Harry Pitts 0-0: Ball
1-0: Fly out, F8 (Flyball, 8LD)
Runner from 2nd tags up, SAFE at 3rd, no throw
Batting: RHB Luis Martínez 0-0: Swinging Strike
0-1: Foul Ball, location: 2F
0-2: Ball
1-2: Ball
2-2: Ball
3-2: Base on Balls
Jeffrey Bascombe to second
Batting: RHB Mark Hosley 0-0: Ball
1-0: Fly out, F5 (Line Drive, 5)
Top of the 5th over - 0 run(s), 2 hit(s), 0 error(s), 3 left on base; Santa Monica 2 - Redwood City 2
BOTTOM OF THE 5TH
Redwood City Redwoods batting - Pitching for Santa Monica Bruins : LHP Takao Uchida
Batting: LHB Paul Alexander 0-0: Called Strike
0-1: Ball
1-1: Ball
2-1: Called Strike
2-2: Ball
3-2: Strikes out swinging
Batting: RHB Philip Burke 0-0: Fly out, F9 (Flyball, 89M)
Batting: RHB Xavier Feliciano 0-0: Ball
1-0: Fly out, F7 (Flyball, 7D)
Bottom of the 5th over - 0 run(s), 0 hit(s), 0 error(s), 0 left on base; Santa Monica 2 - Redwood City 2
TOP OF THE 6TH
Santa Monica Bruins batting - Pitching for Redwood City Redwoods : RHP Jeff Davis
Pitching: RHP Manuel Mora
Batting: LHB Jeffrey Satterley 0-0: Ball
Reached via error on a dropped throw, E1
Batting: RHB Iván De Jesús 0-0: Ball
1-0: Foul Ball, location: 2F
1-1: Ball
Throwing error on steal attempt, E2
Jeffrey Satterley to third
2-1: Ball
3-1: Ground out 4-3 (Groundball, 4)
Jeffrey Satterley scores
Batting: LHB Noriaki Sangi 0-0: Swinging Strike
0-1: Swinging Strike
0-2: Strikes out swinging
Batting: RHB Phil White 0-0: SINGLE (Line Drive, 7S)
Batting: LHB Ray Bryant 0-0: Fly out, F8 (Flyball, 8LD)
Top of the 6th over - 1 run(s), 1 hit(s), 2 error(s), 1 left on base; Santa Monica 3 - Redwood City 2
BOTTOM OF THE 6TH
Redwood City Redwoods batting - Pitching for Santa Monica Bruins : LHP Takao Uchida
Batting: LHB Germán Charfauros 0-0: Ball
1-0: Foul Ball, location: 2F
1-1: Foul Ball, location: 2F
1-2: SOLO HOME RUN (Flyball, 9D), Distance : 367 ft
Batting: RHB Júlio Trinidad 0-0: Ball
1-0: Ball
2-0: Foul Ball, location: 2F
2-1: Ball
3-1: Base on Balls
Batting: LHB Pedro Rodríguez 0-0: Ball
1-0: Ball
2-0: Foul Ball, location: 2F
2-1: Foul Ball, location: 2F
2-2: Strikes out swinging
Batting: RHB William Parker 0-0: Fly out, F7 (Flyball, 7M)
Batting: RHB Carlos Gonzáles 0-0: Called Strike
0-1: Ball
1-1: Swinging Strike
1-2: Foul Ball, location: 2F
1-2: Fly out, F9 (Flyball, 89D)
Bottom of the 6th over - 1 run(s), 1 hit(s), 0 error(s), 1 left on base; Santa Monica 3 - Redwood City 3
TOP OF THE 7TH
Santa Monica Bruins batting - Pitching for Redwood City Redwoods : RHP Manuel Mora
Batting: LHB Jeffrey Bascombe 0-0: SOLO HOME RUN (Flyball, 9D), Distance : 347 ft
Batting: LHB Harry Pitts 0-0: Ground out U3 (Groundball, 3L)
Batting: RHB Luis Martínez 0-0: Ball
1-0: Ball
2-0: Called Strike
2-1: Ground out 5-3 (Groundball, 56)
Batting: RHB Mark Hosley 0-0: Called Strike
0-1: Ball
1-1: Ground out 6-3 (Groundball, 6)
Top of the 7th over - 1 run(s), 1 hit(s), 0 error(s), 0 left on base; Santa Monica 4 - Redwood City 3
BOTTOM OF THE 7TH
Redwood City Redwoods batting - Pitching for Santa Monica Bruins : LHP Takao Uchida
Pitching: RHP Warren Johnson
Now at C: Pablo Peńa
Now at 3B: José García
Batting: RHB Jesús Cuevas 0-0: SINGLE (Line Drive, 8LM)
Batting: LHB Paul Alexander 0-0: Ball
1-0: Sac Bunt - play at first, batter OUT! 1-4
Jesús Cuevas to second
Pinch Hitting: RHB Anastasio García 0-0: Foul Ball, location: 2F
0-1: Foul Ball, location: 2F
0-2: DOUBLE (Line Drive, 7LM)
Jesús Cuevas scores
Batting: RHB Xavier Feliciano 0-0: Foul Ball, location: 2F
0-1: Foul Ball, location: 2F
0-2: Ball
1-2: Reached on error, E5 (Groundball, 56)
Anastasio García to third
Batting: LHB Germán Charfauros 0-0: Fly out, F9 (Flyball, 89D)
Runner from 3rd tags up, SCORES, no throw
Pinch Hitting: LHB Jeff Tucker 0-0: Fly out, F6 (Line Drive, 6)
Bottom of the 7th over - 2 run(s), 2 hit(s), 1 error(s), 1 left on base; Santa Monica 4 - Redwood City 5
TOP OF THE 8TH
Santa Monica Bruins batting - Pitching for Redwood City Redwoods : RHP Manuel Mora
Pitching: RHP Tom Goff
Now at 1B: Ryan Hensley
Now at 2B: Juan Hernández
Batting: LHB Jeffrey Satterley 0-0: Called Strike
0-1: Ball
1-1: Ball
2-1: Ball
3-1: Base on Balls
Batting: RHB Iván De Jesús 0-0: Bunted foul
0-1: Bunted foul
0-2: Ball
1-2: Ball
2-2: Foul Ball, location: 2F
2-2: Ground out 3-1 (Groundball, 3L)
Jeffrey Satterley to second
Pitching: LHP George Owens
Batting: LHB Noriaki Sangi 0-0: Ball
1-0: Swinging Strike
1-1: Foul Ball, location: 2F
1-2: Ball
2-2: Foul Ball, location: 2F
2-2: Ball
3-2: Fly out, F6 (Popup, 5D)
Pitching: RHP Steve Standard
Batting: RHB Phil White 0-0: Foul Ball, location: 2F
0-1: Called Strike
0-2: Strikes out swinging
Top of the 8th over - 0 run(s), 0 hit(s), 0 error(s), 1 left on base; Santa Monica 4 - Redwood City 5
BOTTOM OF THE 8TH
Redwood City Redwoods batting - Pitching for Santa Monica Bruins : RHP Warren Johnson
Batting: LHB Pedro Rodríguez 0-0: Called Strike
0-1: Foul Ball, location: 2F
0-2: Ball
1-2: Ball
2-2: Fly out, F7 (Flyball, 7S)
Batting: RHB William Parker 0-0: Called Strike
0-1: Ball
1-1: DOUBLE (Flyball, 78D)
Batting: RHB Carlos Gonzáles 0-0: Intentional Walk
Batting: RHB Jesús Cuevas 0-0: Called Strike
0-1: Ball
1-1: Ball
2-1: DOUBLE (Line Drive, 9LM)
William Parker scores
Carlos Gonzáles to third
Batting: LHB Paul Alexander 0-0: Intentional Walk
Pitching: RHP Carlos Rangel
Batting: LHB Juan Hernández 0-0: Foul Ball, location: 2F
0-1: Ball
1-1: Foul Ball, location: 2F
1-2: Ball
2-2: Ball
3-2: Base on Balls
Carlos Gonzáles scores
Jesús Cuevas to third
Paul Alexander to second
Batting: RHB Xavier Feliciano 0-0: Foul Ball, location: 2F
0-1: Ball
1-1: Grounds into double play, 1-2-3 (Groundball, 15)
Bottom of the 8th over - 2 run(s), 2 hit(s), 0 error(s), 2 left on base; Santa Monica 4 - Redwood City 7
TOP OF THE 9TH
Santa Monica Bruins batting - Pitching for Redwood City Redwoods : RHP Steve Standard
Pitching: RHP Manny Maldonado
Batting: LHB Ray Bryant 0-0: Called Strike
0-1: Ball
1-1: SOLO HOME RUN (Flyball, 89XD), Distance : 390 ft
Batting: RHB Pablo Peńa 0-0: Ball
1-0: Foul Ball, location: 2F
1-1: Ball
2-1: Called Strike
2-2: Ball
3-2: Strikes out swinging
Batting: LHB Harry Pitts 0-0: Foul Ball, location: 2F
0-1: Ball
1-1: Ball
2-1: Swinging Strike
2-2: Foul Ball, location: 2F
2-2: Strikes out swinging
Batting: RHB Luis Martínez 0-0: Ball
1-0: SINGLE (Groundball, 56D)
Pinch Hitting: RHB Griswold Coleman 0-0: Called Strike
0-1: Ball
1-1: Called Strike
1-2: Foul Ball, location: 2F
1-2: Ball
2-2: Foul Ball, location: 2F
2-2: Foul Ball, location: 2F
2-2: Strikes out swinging
Top of the 9th over - 1 run(s), 2 hit(s), 0 error(s), 1 left on base; Santa Monica 5 - Redwood City 7
Monday, December 5th, 2016 - OOTP Baseball 17.12 Build 75